 Dungeon Crawl Stone Soup version 0.23-a0-298-g1df1716405 (webtiles) character file.

0 Manul the Ducker (level 1, -1/11 HPs)
             Began as a Spriggan Abyssal Knight on Oct 6, 2018.
             Was a Follower of Lugonu.
             Slain by a thrashing horror (7 damage)
             ... on level 1 of the Abyss.
             The game lasted 00:01:38 (303 turns).

Manul the Ducker (Spriggan Abyssal Knight)           Turns: 303, Time: 00:01:39

Health: -1/11      AC:  2    Str:  8    XL:     1   Next: 0%
Magic:  3/3        EV: 18    Int: 13    God:    Lugonu [*.....]
Gold:   10         SH:  0    Dex: 15    Spells: 0/0 levels left

rFire    . . .     SeeInvis +   a - +2 short sword
rCold    . . .     Gourm    .   (shield restricted)
rNeg     . . .     Faith    .   b - +0 robe
rPois    .         Spirit   .   (helmet restricted)
rElec    .         Reflect  .   (no cloak)
rCorr    .         Harm     .   (gloves unavailable)
MR       .....                  (boots unavailable)
Stlth    +.........             (no amulet)
HPRegen  0.03/turn              (no ring)
MPRegen  0.08/turn              (no ring)

@: very quick
A: very small, unfitting armour, see invisible, herbivore, speed 3, slow
metabolism 2
a: Depart the Abyss, Renounce Religion


You were on level 1 of the Abyss.
You worshipped Lugonu.
Lugonu was aware of your devotion.
You were not hungry.

You visited 0 branches of the dungeon, and saw 0 of its levels.
You visited the Abyss 1 time.

You collected 10 gold pieces.

Inventory:

Hand Weapons
 a - a +2 short sword (weapon)
Armour
 b - a +0 robe (worn)
Comestibles
 c - a ration


   Skills:
 + Level 2.4 Fighting
 + Level 2.1 Short Blades
 + Level 3.5 Dodging
 + Level 1.7 Invocations


You couldn't memorise any spells.
You didn't know any spells.
Your spell library was empty.

Dungeon Overview and Level Annotations

Branches:
Dungeon (0/15)

Altars:


Innate Abilities, Weirdness & Mutations

You are very small and have problems with some larger weapons.
You are too small for most types of armour.
You have supernaturally acute eyesight. (SInv)
You are a herbivore.
You cover ground extremely quickly.
You need to consume almost no food.


Message History

A crimson imp comes into view.
The crimson imp shouts!
A small abomination comes into view.
A small abomination comes into view.
The small abomination moves out of view.
The crimson imp blinks!
Found a short sword.
A thrashing horror comes into view.
A wretched star comes into view.
Found a pair of gloves.
Found a viscous dark potion.
The thrashing horror closely misses you.
The thrashing horror misses you. The thrashing horror tramples you.
You hold your ground!
The thrashing horror barely misses you.
The thrashing horror roars!
The thrashing horror tramples you but does no damage.
The thrashing horror tramples you!
Ouch! That really hurt!
You die...

.# ##..#............#..
..# .#....#..x........
....#.###.#.#..........
....#.##...###... ... .
#.......##.#.......# .
###...#.# ........## .
###...# ..##. .. ..)
#[#X#. .. #.... ...
#.#@.#......... ....
................
..###.##.#.#.... ..#
#.###.... ... #.. ...
#... ...# ..# ##.. .#
#≈≈


You could see a thrashing horror.

Vanquished Creatures (others)
  A white imp (Abyss:1)
1 creature vanquished.

Notes
Turn   | Place    | Note
-------+----------+-------------------------------------------
     0 | Abyss:1  | Manul the Spriggan Abyssal Knight began the quest for the
                  | Orb.
     0 | Abyss:1  | Reached XP level 1. HP: 11/11 MP: 3/3
   104 | Abyss:1  | Noticed a Hell Sentinel
   107 | Abyss:1  | Noticed a tentacled starspawn
   110 | Abyss:1  | Noticed a small abomination
   147 | Abyss:1  | Noticed a starcursed mass
   190 | Abyss:1  | Noticed an efreet
   199 | Abyss:1  | Noticed a hellion
   201 | Abyss:1  | Noticed a tentacled starspawn
   229 | Abyss:1  | Noticed a small abomination
   235 | Abyss:1  | Noticed a large abomination
   252 | Abyss:1  | Noticed a crimson imp
   259 | Abyss:1  | Noticed a small abomination
   266 | Abyss:1  | Noticed a small abomination
   285 | Abyss:1  | Noticed a thrashing horror
   286 | Abyss:1  | Noticed a wretched star
   303 | Abyss:1  | Slain by a thrashing horror

Vault maps used:

Action                   || total
-------------------------++-------
  Use: Scroll            ||     1
Armor: Robe              ||     1
Dodge: Dodged            ||     3

Table legend:
 A = Non-vault XP
 B = Vault XP
 C = Vault XP percentage of total XP
 D = Non-vault monster count
 E = Vault monster count
 F = Vault count percentage of total count
                 A         B        C        D         E       F
            +---------+---------+-------+---------+---------+-------
      Total |       0 |       0 |   N/A |       0 |       0 |  -nan
            +---------+---------+-------+---------+---------+-------
            +---------+---------+-------+---------+---------+-------
